 Dungeon Crawl Stone Soup version 0.25-a0-1056-g2efb326896 (webtiles) character file.

Game seed: 7072820601141099139, levelgen mode: deterministic

6 Esekla the Magician (level 1, 5/11 HPs)
             Began as an Octopode Wizard on May 13, 2020.
             Got out of the dungeon alive.
             The game lasted 00:01:47 (260 turns).

Esekla the Magician (Octopode Wizard)                Turns: 260, Time: 00:01:48

Health: 5/11       AC:  1    Str:  6    XL:     1   Next: 90%
Magic:  4/4        EV: 13    Int: 20    God:
Gold:   25         SH:  0    Dex: 10    Spells: 5/6 levels left

rFire    . . .     SeeInvis .   (no weapon)
rCold    . . .     Gourm    .   (no shield)
rNeg     . . .     Faith    .   a - +0 hat
rPois    .         Spirit   .   (no amulet)
rElec    .         Reflect  .   (no ring)
rCorr    .         Harm     .   (no ring)
MR       .....                  (no ring)
Stlth    +++.......             (no ring)
HPRegen  0.03/turn              (no ring)
MPRegen  0.09/turn              (no ring)
                                (no ring)
                                (no ring)

@: no status effects
A: almost no armour, stealthy swim, amphibious, 8 rings, constrict 8, camouflage
1, gelatinous body 1
a: no special abilities


You escaped.
You were not hungry.

You visited 1 branch of the dungeon, and saw 2 of its levels.

You collected 25 gold pieces.

Inventory:

Armour
 a - a +0 hat (worn)
Scrolls
 b - a scroll of blinking {unknown}
 d - a scroll of enchant weapon {unknown}
 e - a scroll of magic mapping {unknown}
 f - a scroll of teleportation {unknown}
Comestibles
 c - a ration


   Skills:
 + Level 2.0 Dodging
 + Level 2.6 Stealth
 + Level 3.3 Spellcasting
 + Level 1.0 Conjurations
   Level 1.0 Summonings
   Level 1.0 Translocations


You had 5 spell levels left.
You knew the following spells:

 Your Spells              Type           Power        Failure   Level  Hunger
a - Magic Dart            Conj           #...         9%          1    None

Your spell library contained the following spells:

 Spells                   Type           Power        Failure   Level  Hunger
 Blink                    Tloc           N/A          14%         2    ##.....
 Call Imp                 Summ           #.......     14%         2    ##.....
 Slow                     Hex            #.......     21%         2    ##.....
 Conjure Flame            Conj/Fire      #.......     32%         3    ###....
 Mephitic Cloud           Conj/Pois/Air  #.......     34%         3    ###....


Dungeon Overview and Level Annotations

Branches:
Dungeon (2/15)

Altars:


Innate Abilities, Weirdness & Mutations

You cannot wear most types of armour.
You are very stealthy in the water. (Stealth+)
You are amphibious.
You can wear up to eight rings at the same time.
You can use your tentacles to constrict eight enemies at once.
Your skin changes colour to match your surroundings (Stealth+).
Your rubbery body absorbs attacks. (AC +1, EV +1)


Message History

Aiming: Magic Dart (safe; 9% risk of failure)
Press: ? - help, Shift-Dir - straight line, f/p - kobold
Aim: a kobold, wielding a +0 whip (moderately wounded)
The magic dart hits the kobold.
You kill the kobold!
A dart slug comes into view.
Found a leather armour and 12 gold pieces.
Your magical contamination has completely faded away.
Casting: Magic Dart (safe; 9% risk of failure)
Confirm with . or Enter, or press ? or * to list all spells.
You don't know that spell.
You open the door.
There is an open door here.
You open the large door.
There is a large open door here.
There is a large open door here.
There is a fountain of clear blue water here.
There is a staircase leading out of the dungeon here.
Are you sure you want to leave the Dungeon?
This will make you lose the game!
You have escaped!

...........#.# #...#.#
...........#.##### #.#.#.#
...........#.....####.#.#.#####
...........#.###.##...#........
.....###.........#....#..######
.[.. #.#.........#..##..# ###+#
#.##..#+#..##.....># #.#
#..####⌠####...##### #.#
#8..''⌠@⌠++..8.#
.####'####..####⌠####...#
...........##..#'#..##..#
...........#.........#..#
.........÷...##...##...##
...K......##############
..........# ..........#
..........#


There were no monsters in sight!

Vanquished Creatures
  2 bats (D:1)
  2 hobgoblins
  A kobold (D:1)
5 creatures vanquished.

Notes
Turn   | Place    | Note
-------+----------+-------------------------------------------
     0 | D:1      | Esekla the Octopode Wizard began the quest for the Orb.
     0 | D:1      | Reached XP level 1. HP: 11/11 MP: 4/4
   260 | D:$      | Got out of the dungeon alive.

Illustrated notes

Levels and vault maps discovered:
D:1:      grunt_arrival_crossed_arrows, layout_basic
D:2:      layout_basic, kennysheep_vampire_church, first_ration,
          minmay_lizard_pond

Action                   || total
-------------------------++-------
Melee: Unarmed           ||     3
       Constrict         ||     2
 Cast: Magic Dart        ||    12
Armor: Skin              ||     2
Dodge: Dodged            ||    11

Table legend:
 A = Non-vault XP
 B = Vault XP
 C = Vault XP percentage of total XP
 D = Non-vault monster count
 E = Vault monster count
 F = Vault count percentage of total count
                 A         B        C        D         E       F
            +---------+---------+-------+---------+---------+-------
      Total |       9 |       0 |   0.0 |       5 |       0 |   0.0
            +---------+---------+-------+---------+---------+-------
        D:1 |       7 |       0 |   0.0 |       4 |       0 |   0.0
        D:2 |       2 |       0 |   0.0 |       1 |       0 |   0.0
            +---------+---------+-------+---------+---------+-------
